 Dungeon Crawl Stone Soup version 0.27.1-3-gb3d3a73c9e (webtiles) character file.

Game seed: 8492816976720642901

32 earthworldpsion the Skirmisher (level 3, 0/34 HPs)
             Began as a Minotaur Monk on Oct 17, 2021.
             Slain by Ijyb (6 damage)
             ... while paralysed by Ijyb
             ... on level 3 of the Dungeon.
             The game lasted 00:07:36 (705 turns).

earthworldpsion the Skirmisher (Minotaur Monk)       Turns: 705, Time: 00:07:36

Health: 0/34       AC:  6    Str: 16    XL:     3   Next: 10%
Magic:  2/2        EV:  2    Int:  7    God:
Gold:   40         SH:  0    Dex: 12    Spells: 1/2 levels left

rFire    . . .     SeeInvis .   a - +0 spear
rCold    . . .     Faith    .   (no shield)
rNeg     . . .     Spirit   .   g - +0 scale mail
rPois    .         Reflect  .   (helmet restricted)
rElec    .         Harm     .   (no cloak)
rCorr    .         Rampage  .   (no gloves)
Will     .....                  (no boots)
Stlth    ..........             (no amulet)
HPRegen  0.11/turn              (no ring)
MPRegen  0.08/turn              (no ring)

@: paralysed, lethally poisoned (0 -> -10)
A: horns 2, retaliatory headbutt
a: no special abilities


You were on level 3 of the Dungeon.
You visited 1 branch of the dungeon, and saw 3 of its levels.

You collected 40 gold pieces.

Inventory:

Hand Weapons
 a - a +0 spear (weapon)
Armour
 b - a +0 robe
 g - a +0 scale mail (worn)
Jewellery
 h - a ring of protection from cold
Scrolls
 c - 2 scrolls of noise {unknown}
 d - a scroll of torment {unknown}
 i - a scroll of enchant armour {unknown}
Potions
 e - 2 potions of lignification {unknown}
 f - a potion of curing {unknown}


   Skills:
 + Level 4.4 Fighting
 + Level 4.0 Polearms
 + Level 3.6 Dodging
 + Level 1.7 Stealth


You had one spell level left.
You knew the following spells:

 Your Spells              Type           Power      Damage    Failure   Level
a - Beastly Appendage     Tmut           0%         N/A       87%         1

Your spell library contained the following spells:

 Spells                   Type           Power      Damage    Failure   Level
 Wereblood                Tmut           0%         N/A       95%         2
 Spider Form              Tmut/Pois      0%         N/A       99%         3
 Summon Guardian Golem    Hex/Summ       0%         N/A       99%         3
 Orb of Destruction       Conj           0%         N/A       100%        7
 Spellforged Servitor     Conj/Summ      0%         N/A       100%        7


Dungeon Overview and Level Annotations

Branches:
Dungeon (3/15)

Altars:
Fedhas

Shops:
D:2 [

Annotations:
D:3 Grinder, Ijyb


Innate Abilities, Weirdness & Mutations

You have a pair of horns on your head.
You reflexively headbutt those who attack you in melee.


Message History

A bat comes into view.
The bat hits you but does no damage.
You closely miss the bat. Your headbutt misses the bat.
The bat hits you but does no damage.
Grinder comes into view.
Grinder shouts!
The bat misses you.
Ijyb the Twisted Goblin comes into view.
She is wielding a +3 dagger of venom and carrying a wand of paralysis (8).
Ijyb shouts!
The bat hits you but does no damage. Grinder gestures at you.
Pain shoots through your body! The bat barely misses you.
You furiously retaliate!
You headbutt the bat!
You kill the bat!
Grinder blinks!
There is a stone staircase leading up here.
Found a stone staircase leading down.
Grinder hits you.
There is a stone staircase leading up, spattered with blood here.
Grinder closely misses you.
You hit Grinder but do no damage. Grinder barely misses you.
You furiously retaliate!
You headbutt Grinder! You barely miss Grinder.
Grinder is moderately wounded.
Grinder barely misses you.
You closely miss Grinder.
Grinder is moderately wounded.
Grinder blinks!
You closely miss Ijyb. Ijyb hits you but does no damage.
You are poisoned.
You hit Ijyb but do no damage.
You feel very sick.
Grinder blinks!
Ijyb zaps a wand.
You suddenly lose the ability to move!
* * * LOW HITPOINT WARNING * * *
You feel sick. Ijyb hits you but does no damage.
You are lethally poisoned!
* * * LOW HITPOINT WARNING * * *
You feel very sick.
Ijyb hits you with a +3 dagger of venom.
You die...

#.......#
#..##...#
#.......#
#.###.#.#
#.#...#.#
#.#.###.#
#.#.....#
#.#######
#@g......
#<#######
#.# #.#
#........#
#.>.........
####........
#.###.###
### .#


You could see Ijyb.

Vanquished Creatures
  An adder (D:2)
  3 bats
  An endoplasm (D:3)
  A giant cockroach (D:1)
  2 goblins (D:1)
  2 hobgoblins
  4 jackals
  A ball python (D:1)
  4 kobolds
  2 rats
21 creatures vanquished.

Notes
Turn   | Place    | Note
-------+----------+-------------------------------------------
     0 | D:1      | earthworldpsion the Minotaur Monk began the quest for the
                  | Orb.
     0 | D:1      | Reached XP level 1. HP: 19/19 MP: 0/0
   174 | D:1      | Reached XP level 2. HP: 15/27 MP: 1/1
   408 | D:2      | Found a blossoming altar of Fedhas.
   441 | D:2      | Learned a level 1 spell: Beastly Appendage
   459 | D:2      | Found Nafufad's Armour Shoppe.
   655 | D:3      | Reached XP level 3. HP: 31/34 MP: 2/2
   691 | D:3      | Noticed Grinder
   691 | D:3      | Noticed Ijyb
   703 | D:3      | Paralysed by Ijyb for 3 turns
   705 | D:3      | Slain by Ijyb

Illustrated notes

Levels and vault maps discovered:
D:1:      kennysheep_arrival_forest, layout_basic
D:2:      layout_basic, serial_shops, shop, basic_altar, uniq_jessica
D:3:      layout_basic, mainiacjoe_overflow_concentric_impassable, uniq_ijyb,
          uniq_natasha, uniq_grinder

Skill      XL: |  1  2 |
---------------+-------+-----
Fighting       | 4 |  4.4
Polearms       | 4 |  4.0
Dodging        | |  3.6
Stealth        | |  1.7

Action                   || total
-------------------------++-------
Melee: Spear             ||    42
       Headbutt          ||     5
Armor: Robe              ||     2
       Scale mail        ||    12
Dodge: Dodged            ||    33
